TOP OF THE 1ST |
Comerio Guabaleros batting - Pitching for Maricao Cafeteros : LHP Luis Urías
|
Pitching: LHP Luis Urías
|
|
Batting: RHB Natanael Soto
|
0-0: Ball 1-0: Foul Ball, location: 9LSF 1-1: Ball 2-1: Foul Ball, location: 2F 2-2: Ball 3-2: Base on Balls
|
Batting: RHB Semónides Reséndez
|
0-0: Ball 1-0: Bunted foul 1-1: Sac Bunt to 3S - play at first, batter OUT! 3-4 Natanael Soto to second
|
Batting: RHB Turlough Ureña
|
0-0: Swinging Strike 0-1: Ball 1-1: Called Strike 1-2: Fly out, F6 (Line Drive, 6, EV 114 KM/H)
|
Batting: RHB Palamedes Chávez
|
0-0: SINGLE (Groundball, 6MD, EV 172 KM/H) Natanael Soto to third Runner from 3rd tries for Home, SAFE, throw by CF to home
|
Batting: LHB Orlando González
|
0-0: Ball 1-0: Called Strike 1-1: SINGLE (Groundball, 34D, EV 158 KM/H) Palamedes Chávez to second Runner from 2nd tries for 3rd, SAFE, throw by RF made to third Orlando González to second
|
Batting: LHB Hansel Rodríguez
|
0-0: Called Strike 0-1: Swinging Strike 0-2: Ball 1-2: Ball 2-2: Ball 3-2: Foul Ball, location: 2F 3-2: Ground out 4-3 (Groundball, 34D, EV 150 KM/H)
|
Top of the 1st over - 1 run, 2 hits, 0 errors, 2 left on base; Comerio 1 - Maricao 0 |
BOTTOM OF THE 1ST |
Maricao Cafeteros batting - Pitching for Comerio Guabaleros : LHP Faro Medina
|
Pitching: LHP Faro Medina
|
|
Batting: RHB Lisco Rodríguez
|
0-0: Called Strike 0-1: Ball 1-1: Ground out 5-3 (Groundball, 5L, EV 140 KM/H)
|
Batting: LHB Manuel Alcántar
|
0-0: Ball 1-0: Called Strike 1-1: Ball 2-1: Ground out 6-3 (Groundball, 6M, EV 175 KM/H)
|
Batting: RHB Doroteo Baca
|
0-0: Ball 1-0: Called Strike 1-1: Swinging Strike 1-2: SINGLE (Line Drive, 9S, EV 173 KM/H)
|
Batting: LHB Gary Dwyer
|
0-0: Ball 1-0: Fielders Choice at 2nd, U6 (Groundball, 6M, EV 141 KM/H)
|
Bottom of the 1st over - 0 runs, 1 hit, 0 errors, 1 left on base; Comerio 1 - Maricao 0 |
TOP OF THE 2ND |
Comerio Guabaleros batting - Pitching for Maricao Cafeteros : LHP Luis Urías
|
Batting: RHB Quilón Gómez
|
0-0: Ball 1-0: Foul Ball, location: 23FF 1-1: Ground out U3 (Groundball, 34, EV 160 KM/H)
|
Batting: RHB Amancio Arenas
|
0-0: Ball 1-0: Fly out, F9 (Flyball, 89D, EV 152 KM/H)
|
Batting: RHB Roano Rodríguez
|
0-0: Ball 1-0: Foul Ball, location: 5F 1-1: Foul Ball, location: 25F 1-2: Foul Ball, location: 2F 1-2: Fly out, F8 (Line Drive, 8RM, EV 150 KM/H)
|
Top of the 2nd over - 0 runs, 0 hits, 0 errors, 0 left on base; Comerio 1 - Maricao 0 |
BOTTOM OF THE 2ND |
Maricao Cafeteros batting - Pitching for Comerio Guabaleros : LHP Faro Medina
|
Batting: RHB Juan Rodríguez
|
0-0: Swinging Strike 0-1: Called Strike 0-2: Ball 1-2: Ball 2-2: Ball 3-2: Strikes out looking
|
Batting: RHB Uranio Barrios
|
0-0: Ball 1-0: Called Strike 1-1: Foul Ball, location: 2F 1-2: Ground out 6-3 (Groundball, 56, EV 131 KM/H)
|
Batting: SHB Enrique Medina
|
0-0: Ball 1-0: Called Strike 1-1: Ball 2-1: Fly out, F5 (Line Drive, 5D, EV 117 KM/H)
|
Bottom of the 2nd over - 0 runs, 0 hits, 0 errors, 0 left on base; Comerio 1 - Maricao 0 |
TOP OF THE 3RD |
Comerio Guabaleros batting - Pitching for Maricao Cafeteros : LHP Luis Urías
|
Batting: RHB Natanael Soto
|
0-0: Ball 1-0: Called Strike 1-1: Ground out 4-3 (Groundball, 4S, EV 138 KM/H)
|
Batting: RHB Semónides Reséndez
|
0-0: SINGLE (Groundball, 34D, EV 164 KM/H)
|
Batting: RHB Turlough Ureña
|
0-0: Called Strike 0-1: Foul Ball, location: 3F 0-2: Strikes out swinging
|
Batting: RHB Palamedes Chávez
|
0-0: Called Strike 0-1: Ball 1-1: Foul Ball, location: 9LDF 1-2: Foul Ball, location: 5FF 1-2: Ball 2-2: Fielders Choice at 2nd, 6-4 (Groundball, 6, EV 131 KM/H)
|
Top of the 3rd over - 0 runs, 1 hit, 0 errors, 1 left on base; Comerio 1 - Maricao 0 |
BOTTOM OF THE 3RD |
Maricao Cafeteros batting - Pitching for Comerio Guabaleros : LHP Faro Medina
|
Batting: RHB Tadeo Martínez
|
0-0: Fly out, F4 (Popup, 34, EV 100 KM/H)
|
Batting: RHB Camilo Ireta
|
0-0: Foul Ball, location: 9LSF 0-1: Fly out, F6 (Popup, 6, EV 104 KM/H)
|
Batting: RHB Lisco Rodríguez
|
0-0: Ball 1-0: Swinging Strike 1-1: Ball 2-1: Called Strike 2-2: Foul Ball, location: 3F 2-2: Ball 3-2: TRIPLE (Flyball, 9LD, EV 145 KM/H)
|
Batting: LHB Manuel Alcántar
|
0-0: Called Strike 0-1: Ball 1-1: Reached on error, E3 (Groundball, 3L, EV 135 KM/H) Lisco Rodríguez scores
|
Batting: RHB Doroteo Baca
|
0-0: Called Strike Manuel Alcántar steals 2nd base 0-1: Swinging Strike 0-2: Fly out, F8 (Line Drive, 8RS, EV 143 KM/H)
|
Bottom of the 3rd over - 1 run, 1 hit, 1 error, 1 left on base; Comerio 1 - Maricao 1 |
TOP OF THE 4TH |
Comerio Guabaleros batting - Pitching for Maricao Cafeteros : LHP Luis Urías
|
DELAY
|
Rain delay of 54 minutes in the 4th inning.
|
Batting: LHB Orlando González
|
0-0: Called Strike 0-1: Foul Ball, location: 3FF 0-2: Ball 1-2: Reached on error, E6 (Groundball, 6D, EV 177 KM/H)
|
Batting: LHB Hansel Rodríguez
|
0-0: Called Strike 0-1: Reached on error, E4 (Groundball, 4, EV 108 KM/H) Orlando González to second
|
Batting: RHB Quilón Gómez
|
0-0: Sac Bunt to 13 - play at first, batter OUT! 1-3 Orlando González to third Hansel Rodríguez to second
|
Batting: RHB Amancio Arenas
|
0-0: Ball 1-0: Foul Ball, location: 7LMF 1-1: Reached on error, E6 (Groundball, 6S, EV 137 KM/H) Orlando González scores
|
Batting: RHB Roano Rodríguez
|
0-0: Ball 1-0: Ball 2-0: Swinging Strike 2-1: Ball 3-1: Foul Ball, location: 3SF 3-2: Base on Balls Hansel Rodríguez to third Amancio Arenas to second
|
Batting: RHB Natanael Soto
|
0-0: Fly out, F4 (Popup, 4, EV 114 KM/H)
|
Batting: RHB Semónides Reséndez
|
0-0: Called Strike 0-1: Ball 1-1: Ball 2-1: Fielders Choice at 3rd, U5 (Groundball, 5L, EV 145 KM/H)
|
Top of the 4th over - 1 run, 0 hits, 3 errors, 2 left on base; Comerio 2 - Maricao 1 |
BOTTOM OF THE 4TH |
Maricao Cafeteros batting - Pitching for Comerio Guabaleros : LHP Faro Medina
|
Batting: LHB Gary Dwyer
|
0-0: Ball 1-0: Ball 2-0: Ground out 4-3 (Groundball, 4S, EV 113 KM/H)
|
Batting: RHB Juan Rodríguez
|
0-0: Ball 1-0: Called Strike 1-1: Foul Ball, location: 9LSF 1-2: Ground out U3 (Groundball, 34, EV 140 KM/H)
|
Batting: RHB Uranio Barrios
|
0-0: Ball 1-0: Swinging Strike 1-1: Fly out, F8 (Flyball, 8RM, EV 146 KM/H)
|
Bottom of the 4th over - 0 runs, 0 hits, 0 errors, 0 left on base; Comerio 2 - Maricao 1 |
TOP OF THE 5TH |
Comerio Guabaleros batting - Pitching for Maricao Cafeteros : LHP Luis Urías
|
Batting: RHB Turlough Ureña
|
0-0: Called Strike 0-1: Ball 1-1: Single, Error in OF, E9, batter to second base (Line Drive, 34D, EV 167 KM/H)
|
Batting: RHB Palamedes Chávez
|
0-0: Ball 1-0: Fly out, F9 (Flyball, 89M, EV 147 KM/H) Runner from 2nd tags up, SAFE at 3rd with throw by RF
|
Batting: LHB Orlando González
|
0-0: Ball 1-0: Ball 2-0: Foul Ball, location: 7LSF 2-1: Swinging Strike 2-2: Ground out 4-3 (Groundball, 4, EV 137 KM/H) Turlough Ureña scores
|
Batting: LHB Hansel Rodríguez
|
0-0: Ball 1-0: Fly out, F8 (Line Drive, 8LM, EV 140 KM/H)
|
Top of the 5th over - 1 run, 1 hit, 1 error, 0 left on base; Comerio 3 - Maricao 1 |
BOTTOM OF THE 5TH |
Maricao Cafeteros batting - Pitching for Comerio Guabaleros : LHP Faro Medina
|
Batting: SHB Enrique Medina
|
0-0: Foul Ball, location: 9LDF 0-1: Hit by Pitch
|
Batting: RHB Tadeo Martínez
|
0-0: Bunted foul 0-1: Bunted foul 0-2: Ball 1-2: Foul Ball, location: 3F 1-2: Foul Ball, location: 7LSF 1-2: Grounds into double play, 6-4-3 (Groundball, 6, EV 146 KM/H)
|
Batting: RHB Camilo Ireta
|
0-0: Ground out 4-3 (Groundball, 4, EV 141 KM/H)
|
Bottom of the 5th over - 0 runs, 0 hits, 0 errors, 0 left on base; Comerio 3 - Maricao 1 |
TOP OF THE 6TH |
Comerio Guabaleros batting - Pitching for Maricao Cafeteros : LHP Luis Urías
|
Batting: RHB Quilón Gómez
|
0-0: Called Strike 0-1: Ball 1-1: Ball 2-1: Foul Ball, location: 9LMF 2-2: Ground out 5-3 (Groundball, 56, EV 121 KM/H)
|
Batting: RHB Amancio Arenas
|
0-0: Called Strike 0-1: Ball 1-1: Ground out 4-3 (Groundball, 4, EV 172 KM/H)
|
Batting: RHB Roano Rodríguez
|
0-0: Ball 1-0: Called Strike 1-1: Ball 2-1: SINGLE (Groundball, 4S, EV 114 KM/H) (infield hit)
|
Batting: RHB Natanael Soto
|
0-0: Called Strike 0-1: Ball 1-1: Foul Ball, location: 25F 1-2: Ball 2-2: Ball 3-2: Fly out, F9 (Flyball, 9LM, EV 140 KM/H)
|
Top of the 6th over - 0 runs, 1 hit, 0 errors, 1 left on base; Comerio 3 - Maricao 1 |
BOTTOM OF THE 6TH |
Maricao Cafeteros batting - Pitching for Comerio Guabaleros : LHP Faro Medina
|
Batting: RHB Lisco Rodríguez
|
0-0: Ball 1-0: Ball 2-0: Called Strike 2-1: Ball 3-1: Foul Ball, location: 2F 3-2: TRIPLE (Flyball, 8RXD, EV 168 KM/H)
|
Batting: LHB Manuel Alcántar
|
0-0: Called Strike 0-1: Foul Ball, location: 2F 0-2: Ball 1-2: Fly out, F7 (Flyball, 78M, EV 148 KM/H) Runner from 3rd tags up, SCORES, no throw by LF
|
Batting: RHB Doroteo Baca
|
0-0: Ball 1-0: Swinging Strike 1-1: Fly out, F7 (Flyball, 78S, EV 152 KM/H)
|
Batting: LHB Gary Dwyer
|
0-0: Ball 1-0: Ball 2-0: Ball 3-0: Called Strike 3-1: SINGLE (Line Drive, 89S, EV 145 KM/H)
|
Batting: RHB Juan Rodríguez
|
0-0: Ball 1-0: Ball 2-0: Called Strike 2-1: Foul Ball, location: 7LMF 2-2: Strikes out looking
|
Bottom of the 6th over - 1 run, 2 hits, 0 errors, 1 left on base; Comerio 3 - Maricao 2 |
TOP OF THE 7TH |
Comerio Guabaleros batting - Pitching for Maricao Cafeteros : LHP Luis Urías
|
Batting: RHB Semónides Reséndez
|
0-0: Ball 1-0: Reached on error, E3 (Groundball, 13, EV 158 KM/H)
|
Batting: RHB Turlough Ureña
|
0-0: Called Strike 0-1: Ball 1-1: SINGLE (Line Drive, 4D, EV 155 KM/H) Semónides Reséndez to second
|
Batting: RHB Palamedes Chávez
|
0-0: Ball 1-0: Foul Ball, location: 5FF 1-1: Ball 2-1: Ball 3-1: Base on Balls Semónides Reséndez to third Turlough Ureña to second
|
Batting: LHB Orlando González
|
0-0: SINGLE (Line Drive, 7S, EV 151 KM/H) Semónides Reséndez scores Turlough Ureña to third Palamedes Chávez to second
|
Batting: LHB Hansel Rodríguez
|
0-0: Ball 1-0: Ball 2-0: Fly out, F7 (Flyball, 78S, EV 154 KM/H)
|
Batting: RHB Quilón Gómez
|
0-0: Ball 1-0: Foul Ball, location: 25FF 1-1: Fly out, F9 (Flyball, 9D, EV 178 KM/H) Runner from 3rd tags up, SCORES, no throw by RF Palamedes Chávez to third
|
Batting: RHB Amancio Arenas
|
0-0: Ball 1-0: Swinging Strike 1-1: Ball 2-1: Foul Ball, location: 2F 2-2: Reached on error, E6 (Groundball, 6, EV 140 KM/H) Palamedes Chávez scores Orlando González to second
|
Batting: RHB Roano Rodríguez
|
0-0: Fly out, F4 (Popup, 4D, EV 77 KM/H)
|
Top of the 7th over - 3 runs, 2 hits, 2 errors, 2 left on base; Comerio 6 - Maricao 2 |
BOTTOM OF THE 7TH |
Maricao Cafeteros batting - Pitching for Comerio Guabaleros : LHP Faro Medina
|
Batting: RHB Uranio Barrios
|
0-0: Ball 1-0: Called Strike 1-1: Ground out 5-3 (Groundball, 56S, EV 113 KM/H)
|
Batting: SHB Enrique Medina
|
0-0: Swinging Strike 0-1: Swinging Strike 0-2: Strikes out swinging
|
Batting: RHB Tadeo Martínez
|
0-0: Ball 1-0: Foul Ball, location: 2F 1-1: Fly out, F9 (Flyball, 9LM, EV 161 KM/H)
|
Bottom of the 7th over - 0 runs, 0 hits, 0 errors, 0 left on base; Comerio 6 - Maricao 2 |
TOP OF THE 8TH |
Comerio Guabaleros batting - Pitching for Maricao Cafeteros : LHP Luis Urías
|
Batting: RHB Natanael Soto
|
0-0: SINGLE (Line Drive, 4MD, EV 154 KM/H)
|
Batting: RHB Semónides Reséndez
|
0-0: Called Strike 0-1: Ball 1-1: Foul Ball, location: 9LDF 1-2: Strikes out swinging
|
Batting: RHB Turlough Ureña
|
0-0: Ball Natanael Soto steals 2nd base 1-0: Foul Ball, location: 9LDF 1-1: Ground out U3 (Groundball, 3S, EV 107 KM/H) Natanael Soto to third
|
Batting: RHB Palamedes Chávez
|
0-0: Ball 1-0: Fly out, F4 (Line Drive, 34D, EV 107 KM/H)
|
Top of the 8th over - 0 runs, 1 hit, 0 errors, 1 left on base; Comerio 6 - Maricao 2 |
BOTTOM OF THE 8TH |
Maricao Cafeteros batting - Pitching for Comerio Guabaleros : LHP Faro Medina
|
Batting: RHB Camilo Ireta
|
0-0: Called Strike 0-1: Ball 1-1: Called Strike 1-2: Ball 2-2: Fly out, F4 (Popup, 4MS, EV 114 KM/H)
|
Batting: RHB Lisco Rodríguez
|
0-0: Ball 1-0: Ball 2-0: Called Strike 2-1: Foul Ball, location: 3F 2-2: Fly out, F9 (Flyball, 89S, EV 143 KM/H)
|
Batting: LHB Manuel Alcántar
|
0-0: Ball 1-0: SINGLE (Groundball, 5D, EV 165 KM/H)
|
Batting: RHB Doroteo Baca
|
0-0: Fly out, F9 (Flyball, 9, EV 152 KM/H)
|
Bottom of the 8th over - 0 runs, 1 hit, 0 errors, 1 left on base; Comerio 6 - Maricao 2 |
TOP OF THE 9TH |
Comerio Guabaleros batting - Pitching for Maricao Cafeteros : LHP Luis Urías
|
Batting: LHB Orlando González
|
0-0: Swinging Strike 0-1: Ball 1-1: Ball 2-1: Swinging Strike 2-2: Strikes out swinging
|
Batting: LHB Hansel Rodríguez
|
0-0: Called Strike 0-1: Ball 1-1: Called Strike 1-2: SINGLE (Line Drive, 7LS, EV 174 KM/H)
|
Batting: RHB Quilón Gómez
|
0-0: Called Strike 0-1: Foul Ball, location: 3F 0-2: Strikes out swinging
|
Batting: RHB Amancio Arenas
|
0-0: Called Strike 0-1: Ball 1-1: Foul Ball, location: 9LSF 1-2: Fly out, F4 (Popup, 34, EV 115 KM/H)
|
Top of the 9th over - 0 runs, 1 hit, 0 errors, 1 left on base; Comerio 6 - Maricao 2 |
BOTTOM OF THE 9TH |
Maricao Cafeteros batting - Pitching for Comerio Guabaleros : LHP Faro Medina
|
Batting: LHB Gary Dwyer
|
0-0: Fly out, F4 (Line Drive, 34, EV 120 KM/H)
|
Batting: RHB Juan Rodríguez
|
0-0: Ball 1-0: Foul Ball, location: 2F 1-1: Ball 2-1: SINGLE (Line Drive, 9S, EV 137 KM/H)
|
Batting: RHB Uranio Barrios
|
0-0: Called Strike 0-1: Ball 1-1: Fielders Choice at 2nd, 3-6 (Groundball, 3, EV 132 KM/H)
|
Batting: SHB Enrique Medina
|
0-0: Ball 1-0: Swinging Strike 1-1: Foul Ball, location: 2LF 1-2: Ball 2-2: Foul Ball, location: 2F 2-2: Ball 3-2: Strikes out looking
|
Bottom of the 9th over - 0 runs, 1 hit, 0 errors, 1 left on base; Comerio 6 - Maricao 2 |
|